 Dungeon Crawl Stone Soup version 0.31.0-2-g5a2aebc5c2 (webtiles) character file.

Game seed: 14513312054413197856

382 ProzacElf the Chopper (level 6, -9/51 HPs)
             Began as a Hill Orc Monk on Jan 21, 2024.
             Was a Believer of Beogh.
             Mangled by Edmund
             ... wielding a +2 dire flail of protection
              (11 damage)
             ... on level 4 of the Dungeon.
             The game lasted 00:05:36 (2847 turns).

ProzacElf the Chopper (Hill Orc Monk)               Turns: 2847, Time: 00:05:36

Health: -9/51      AC:  7    Str: 13 (16) XL:     6   Next: 76%
Magic:  3/6        EV: 10    Int:  8 (10) God:    Beogh [**....]
Gold:   156        SH:  5    Dex: 10 (13) Spells: 5/5 levels left

rFire   . . .        b - +1 long sword (drain)
rCold   . . .        d - orb {light}
rNeg    . . .        x - +0 scale mail
rPois   .            (no helmet)
rElec   .            e - +0 cloak
rCorr   .            (no gloves)
SInv    .            (no boots)
Will    .....        i - amulet of reflection Stlth
                     (no ring)
HPRegen 0.28/turn    (no ring)
MPRegen 0.10/turn

%: reflection
@: glowing
A: no striking features
a: Renounce Religion, Smiting


You were on level 4 of the Dungeon.
You worshipped Beogh.
Beogh was pleased with you.
You visited 1 branch of the dungeon, and saw 4 of its levels.

You collected 156 gold pieces.

Inventory:

Hand Weapons
 a - a +0 hand axe
 b - a +1 long sword of draining (weapon)
Missiles
 f - 3 atropa-tipped darts (quivered)
 j - 4 javelins
 o - 9 boomerangs
 y - 5 poisoned darts
Armour
 d - an orb of light (worn)
 e - a +0 cloak (worn)
 l - a +0 ring mail
 p - a +0 robe
 t - a +0 plate armour
 x - a +0 scale mail (worn)
Magical Staves
 A - a staff of air
Jewellery
 i - an amulet of reflection (around neck)
Talismans
 n - a maw talisman
Wands
 s - a wand of roots (10)
Scrolls
 g - a scroll of summoning {unknown}
 q - 2 scrolls of teleportation {unknown}
 r - a scroll of fog {unknown}
 v - a scroll of enchant weapon {unknown}
 w - a scroll of poison {unknown}
Potions
 c - a potion of ambrosia {!e}
 h - a potion of lignification {unknown}
 k - a potion of degeneration
 m - 2 potions of curing {unknown}
 u - a potion of magic {unknown}
 z - a potion of resistance {unknown}


   Skills:
 - Level 3.6 Fighting
 + Level 7.4 Axes
 + Level 4.6 Dodging


You had 5 spell levels left.
You didn't know any spells.
Your spell library contained the following spells:

 Spells                   Type           Power      Damage    Failure   Level
 Mercury Vapours          Alch/Air       0%         N/A       97%         2
 Mephitic Cloud           Conj/Alch/Air  0%         N/A       100%        3
 Freezing Cloud           Conj/Ice/Air   0%         6-21      100%        5


Dungeon Overview and Level Annotations

Branches:
Dungeon (4/15)
 Temple: D:4-7

Altars:

Shops:
D:3 (

Annotations:
D:4 4 runed translucent doors, Edmund


Message History

Ye be too injured ta fight recklessly!
Ye take 5 damage, an' haf 22/51 hp.
Ye be too injured ta fight recklessly!
Ye be too injured ta fight recklessly!
Ye be too injured ta fight recklessly!
Ye be too injured ta fight recklessly!
Ye be too injured ta fight recklessly!
Ye be too injured ta fight recklessly!
Ye be too injured ta fight recklessly!
Ye be too injured ta fight recklessly!
Ye be too injured ta fight recklessly!
Ye be too injured ta fight recklessly!
Ye be too injured ta fight recklessly!
Ye be too injured ta fight recklessly!
Edmund attacks as 'e pursues ye!
Edmund completely misses ye.
Edmund closely misses ye.
Ye hit Edmund.
Edmund be lightly wounded.
Edmund hits ye wit' a +2 dire flail o' protection!
* * * LOW HITPOINT WARNIN'
* * * Edmund hits ye wit' a +2 dire flail o' protection.
* * * LOW HITPOINT WARNIN'
* * * Ye take 13 damage, an' haf 10/51 hp.
MASSIVE DAMAGE!!
Edmund attacks as 'e pursues ye!
Edmund hits ye wit' a +2 dire flail o' protection.
* * * LOW HITPOINT WARNIN'
* * * Ye take 2 damage, an' haf 8/51 hp.
Aimin': Smitin'
Press: ? - help, Dir - move target, f - Edmund Smite: Edmund, wieldin' a +2 dire flail o' protection an' wearin' a +0 rin' mail (lightly wounded, lightly drain'd, haloed) Ye smite Edmund!
Edmund be moderately wounded.
Edmund hits ye wit' a +2 dire flail o' protection!
* * * LOW HITPOINT WARNIN'
* * * Ye take 6 damage, an' haf 2/51 hp.
Ye now haf 3/6 mp.
It was a potion o' degeneration.
Thar was somethin' very wrong wit tha liquid.
Ye feel weaken'd.
Ye feel dopey.
Ye feel clumsy.
Edmund hits ye wit' a +2 dire flail o' protection!
Ye die...
Edmund says, "Tha'll show me brothar!"

##### #..)# ########
#.#....(.. #......#
#o######## #......# #@#
#......# #@# #......# #.# #
#......#######.##### .#
#..(...............#####.#
#......#######.###.......##
#.....># #.######.....#
#......#### #..## #.##.>...
#.........####...####.#
####
###............)...#..#


You could see Edmund (drained) and an orc.

Vanquished Creatures
  A centaur (D:4)
  A scorpion (D:4)
  An orc priest (D:4)
  Jessica (D:3)
  Ijyb (D:3)
  8 adders
  3 ribbon worms
  2 dart slugs (D:1)
  8 orcs (D:4)
  3 ball pythons
  8 bats
  9 endoplasms
  5 giant cockroaches
  10 goblins
  8 hobgoblins
  9 jackals
  2 kobolds
  5 frilled lizards
  5 rats
90 creatures vanquished.

Vanquished Creatures (others)
  An orc (D:4)
1 creature vanquished.

Grand Total: 91 creatures vanquished

Notes
Turn   | Place    | Note
-------+----------+-------------------------------------------
     0 | D:1      | ProzacElf the Hill Orc Monk began the quest for the Orb.
     0 | D:1      | Reached XP level 1. HP: 19/19 MP: 1/1
   202 | D:1      | Reached XP level 2. HP: 23/26 MP: 2/2
   502 | D:1      | Reached XP level 3. HP: 26/31 MP: 3/3
   874 | D:2      | Reached skill level 5 in Axes
   994 | D:2      | Reached XP level 4. HP: 25/39 MP: 4/4
  2068 | D:3      | Noticed Ijyb
  2097 | D:3      | Killed Ijyb
  2098 | D:3      | Reached XP level 5. HP: 30/45 MP: 5/5
  2105 | D:3      | Reached skill level 6 in Axes
  2320 | D:3      | Noticed Jessica
  2322 | D:3      | Found Jajo's Weapon Boutique.
  2325 | D:3      | Killed Jessica
  2499 | D:4      | Became a worshipper of Beogh the Brigand
  2499 | D:4      | Reached * piety under Beogh
  2499 | D:4      | Reached ** piety under Beogh
  2560 | D:4      | Found a large runed translucent door.
  2560 | D:4      | Found a large runed translucent door.
  2564 | D:4      | Noticed a centaur
  2580 | D:4      | Reached XP level 6. HP: 40/51 MP: 6/6
  2678 | D:4      | Found a large runed translucent door.
  2678 | D:4      | Found a large runed translucent door.
  2707 | D:4      | Reached skill level 7 in Axes
  2736 | D:4      | Identified the staff "Higih" {rPois Int+4 Summ Alchemy}
  2829 | D:4      | Noticed Edmund
  2846 | D:4      | HP: 2/51 [Edmund/+2 dire flail of protection (7)]
  2847 | D:4      | Mangled by Edmund

Illustrated notes

Levels and vault maps discovered:
D:1:      minmay_arrival_shattered_statue, layout_basic
D:2:      layout_basic, minmay_tetromino_t4
D:3:      layout_rooms, serial_shops, shop, uniq_ijyb, uniq_jessica
D:4:      layout_rooms, minmay_hollow_rounded_squares, uniq_edmund, uniq_grinder

Skill      XL: |  1  2  3  4  5  6 |
---------------+-------------------+-----
Dodging        | 3 4 |  4.6
Axes           | 5 6 7 |  7.4
Fighting       | |  3.6

Action                     |  1- 3 |  4- 6 || total
---------------------------+-------+-------++-------
  Melee: Hand axe          |   108 |   112 ||   220
         Long sword        |       |    62 ||    62
 Invoke: Convert to Beogh  |       |     1 ||     1
         Smiting           |       |     1 ||     1
    Use: Potion            |       |     2 ||     2
 Armour: Robe              |    47 |       ||    47
         Ring mail         |    23 |    93 ||   116
         Scale mail        |       |    52 ||    52
  Dodge: Dodged            |    77 |   106 ||   183

Action                     |  1- 3 |  4- 6 || total
---------------------------+-------+-------++-------
  Melee: Hand axe          |   108 |   112 ||   220
         Long sword        |       |    62 ||    62
 Invoke: Convert to Beogh  |       |     1 ||     1
         Smiting           |       |     1 ||     1
    Use: Potion            |       |     2 ||     2
 Armour: Robe              |    47 |       ||    47
         Ring mail         |    23 |    93 ||   116
         Scale mail        |       |    52 ||    52
  Dodge: Dodged            |    77 |   106 ||   183

Levels and vault maps discovered:
D:1:      minmay_arrival_shattered_statue, layout_basic
D:2:      layout_basic, minmay_tetromino_t4
D:3:      layout_rooms, serial_shops, shop, uniq_ijyb, uniq_jessica
D:4:      layout_rooms, minmay_hollow_rounded_squares, uniq_edmund, uniq_grinder
